 Dungeon Crawl Stone Soup version 0.28-a0-422-gd71735cc25 (webtiles) character file.

Game seed: 11765054639138735

1173 heikuro the Slasher (level 8, -7/63 HPs)
             Began as a Formicid Fighter on Sept 9, 2021.
             Was a Believer of Vehumet.
             Mangled by an orc warrior (9 damage)
             ... on level 5 of the Dungeon.
             The game lasted 00:13:06 (7100 turns).

heikuro the Slasher (Formicid Fighter)              Turns: 7100, Time: 00:13:07

Health: -7/63      AC:  7    Str: 23    XL:     8   Next: 68%
Magic:  12/12      EV: 11    Int:  6    God:    Vehumet [**....]
Gold:   179        SH:  4    Dex: 10    Spells: 11/12 levels left

rFire   . . .      SeeInvis +   a - +0 long sword
rCold   . . .      Faith    .   c - +0 buckler
rNeg    . . .      Spirit   .   d - +0 acid dragon scales
rPois   .          Reflect  .   (helmet unavailable)
rElec   .          Harm     .   (no cloak)
rCorr   +          Rampage  .   (no gloves)
Will    .....                   (no boots)
Stlth   +.........              (no amulet)
HPRegen 0.20/turn               (no ring)
MPRegen 0.13/turn               (no ring)

@: studying Transmutations
A: permanent stasis, dig shafts and tunnels, antennae 3, four strong arms, dopey
1, screaming 1
a: Dig, Shaft Self, Renounce Religion


You were on level 5 of the Dungeon.
You worshipped Vehumet.
Vehumet was pleased with you.
You visited 2 branches of the dungeon, and saw 6 of its levels.

You collected 179 gold pieces.

Inventory:

Hand Weapons
 a - a +0 long sword (weapon)
Missiles
 e - 40 poisoned darts (quivered)
 r - 20 stones
Armour
 b - a +0 scale mail
 c - a +0 buckler (worn)
 d - +0 acid dragon scales (worn)
Jewellery
 u - a ring of protection from fire
Wands
 o - a wand of mindburst (16)
Scrolls
 i - a scroll of teleportation {unknown}
 j - a scroll of blinking {unknown}
 k - a scroll of enchant armour {unknown}
 m - a scroll of fog {unknown}
 n - a scroll of silence {unknown}
 p - a scroll of enchant weapon {unknown}
 q - a scroll of vulnerability {unknown}
 t - a scroll of identify
Potions
 f - a potion of attraction
 g - 3 potions of curing
 h - 2 potions of brilliance
 l - a potion of cancellation {unknown}
 s - a potion of flight {unknown}


   Skills:
 + Level 5.5 Fighting
 * Level 6.1 Long Blades
 + Level 5.6 Armour
 - Level 3.6 Shields
 + Level 2.8 Spellcasting
 + Level 3.8 Transmutations
 + Level 3.5 Earth Magic


You had 11 spell levels left.
You knew the following spells:

 Your Spells              Type           Power      Damage    Failure   Level
a - Sandblast             Erth           10%        2d5       11%         1

Your spell library contained the following spells:

 Spells                   Type           Power      Damage    Failure   Level
 Searing Ray              Conj           0%         2d4       56%         2
 Freeze                   Ice            0%         1d3       43%         1
 Magic Dart               Conj           0%         1d3       43%         1
 Call Imp                 Summ           0%         N/A       56%         2
 Frozen Ramparts          Ice            0%         1d2       80%         3
 Mephitic Cloud           Conj/Pois/Air  0%         N/A       80%         3
 Hailstorm                Conj/Ice       0%         3d3       99%         4


Dungeon Overview and Level Annotations

Branches:
Dungeon (5/15)             Temple (1/1) D:5

Altars:
Cheibriados
Dithmenos
Elyvilon
Fedhas
Gozag
Hepliaklqana
Kikubaaqudgha
Makhleb
Nemelex Xobeh
Okawaru
Qazlal
Ru
Sif Muna
Trog
Uskayaw
Vehumet
Xom
Yredelemnul
Zin


Innate Abilities, Weirdness & Mutations

You cannot be hasted, slowed, berserked, paralysed or teleported.
You can dig through walls and to a lower floor.
You have a pair of large antennae on your head. (SInv)
Your four strong arms can wield two-handed weapons with a shield.
You are dopey. (Int -2)
You occasionally shout uncontrollably at your foes.


Message History

The orc warrior hits you with a +0 trident!
You hit the orc warrior.
The orc warrior is moderately wounded.
The orc warrior hits you with a +0 trident!
You closely miss the orc warrior.
The orc warrior is moderately wounded.
You block the orc warrior's attack.
You hit the orc warrior.
The orc warrior is heavily wounded.
You block the orc warrior's attack.
You barely miss the orc warrior.
The orc warrior is heavily wounded.
You block the orc warrior's attack.
You hit the orc warrior but do no damage.
The orc warrior is heavily wounded.
You block the orc warrior's attack.
You hit the orc warrior but do no damage.
The orc warrior is heavily wounded.
The orc warrior closely misses you.
The orc warrior hits you with a +0 trident.
* * * LOW HITPOINT WARNING * * *
You barely miss the orc warrior.
The orc warrior is heavily wounded.
The orc warrior hits you but does no damage.
You hit the orc warrior.
The orc warrior is severely wounded.
The orc warrior hits you with a +0 trident.
* * * LOW HITPOINT WARNING * * *
You hit the orc warrior but do no damage.
The orc warrior is severely wounded.
The orc warrior hits you with a +0 trident.
* * * LOW HITPOINT WARNING * * *
You hit the orc warrior but do no damage.
The orc warrior is severely wounded.
The orc warrior hits you with a +0 trident!
* * * LOW HITPOINT WARNING * * *
You hit the orc warrior but do no damage.
The orc warrior is severely wounded.
The orc warrior hits you with a +0 trident!
You die...

. ##..#.Z{
.....# #..g{##
.....## #...Z#Z#
###
.............##.
#.##
...........$..##
#.#.##
................
###.<### ##.....
...#.#....
##...####.o.#
..........
#.....#.@#
...#.#.#..
##......##
....#.. #.....##
#...... #.....#
## #... #...#.#
#..##.# ##.....
##.###. .# #.


You could see an orc warrior.

Vanquished Creatures
  A shadow (D:5)
  An acid dragon (D:4)
  A black bear (D:5)
  A phantom (D:5)
  2 scorpions
  A water moccasin skeleton (D:5)
  A wight (D:4)
  A howler monkey (D:4)
  4 hounds
  A gnoll shaman (D:5)
  2 orc priests
  Jessica (D:2)
  An iguana (D:5)
  An orc wizard (D:3)
  2 gnolls (D:5)
  8 adders
  A shadow imp (D:4)
  A white imp (D:5)
  3 worms
  3 dart slugs
  19 orcs
  4 ball pythons
  6 endoplasms
  2 giant cockroaches (D:2)
  5 goblins
  8 hobgoblins
  4 jackals (D:4)
  3 quokkas
  5 bats
  3 frilled lizards (D:3)
  4 kobolds
  5 rats
105 creatures vanquished.

Notes
Turn   | Place    | Note
-------+----------+-------------------------------------------
     0 | D:1      | heikuro the Formicid Fighter began the quest for the Orb.
     0 | D:1      | Reached XP level 1. HP: 18/18 MP: 1/1
   363 | D:1      | Reached XP level 2. HP: 24/24 MP: 2/2
   883 | D:1      | Reached XP level 3. HP: 29/29 MP: 3/3
  1336 | D:2      | Noticed Jessica
  1362 | D:2      | Killed Jessica
  1363 | D:2      | Reached skill level 3 in Long Blades
  1363 | D:2      | Reached XP level 4. HP: 10/37 MP: 4/4
  2688 | D:3      | Reached XP level 5. HP: 42/42 MP: 5/5
  2979 | D:3      | Found an ancient bone altar of Kikubaaqudgha.
  3053 | D:3      | Reached skill level 4 in Long Blades
  3122 | D:3      | Found a faded altar of an unknown god.
  3126 | D:3      | Became a worshipper of Vehumet
  3126 | D:3      | Reached * piety under Vehumet
  3126 | D:3      | Offered knowledge of Sandblast by Vehumet.
  3131 | D:3      | Learned a level 1 spell: Sandblast
  3278 | D:4      | Gained mutation: You occasionally shout uncontrollably at
                  | your foes. [potion of mutation]
  3278 | D:4      | Gained mutation: You are dopey. (Int -2) [potion of
                  | mutation]
  3468 | D:4      | Reached XP level 6. HP: 40/49 MP: 6/6
  3586 | D:4      | Reached skill level 1 in Earth Magic
  3756 | D:4      | Reached skill level 1 in Spellcasting
  4399 | D:4      | Reached XP level 7. HP: 39/55 MP: 8/8
  4570 | D:4      | Noticed an acid dragon
  4623 | D:4      | Killed an acid dragon
  4624 | D:4      | Reached skill level 5 in Long Blades
  4624 | D:4      | Reached skill level 1 in Transmutations
  4626 | D:4      | Offered knowledge of Searing Ray by Vehumet.
  4628 | D:4      | Reached ** piety under Vehumet
  5289 | D:5      | Entered Level 5 of the Dungeon
  5299 | D:5      | Reached skill level 5 in Fighting
  5299 | D:5      | Reached skill level 5 in Armour
  5633 | D:5      | Reached XP level 8. HP: 51/62 MP: 7/11
  5939 | D:5      | Found a staircase to the Ecumenical Temple.
  6095 | Temple   | Entered the Ecumenical Temple
  6378 | D:5      | Noticed a shadow
  6393 | D:5      | Killed a shadow
  6777 | D:5      | Reached skill level 6 in Long Blades
  7099 | D:5      | HP: 2/63 [orc warrior (11)]
  7100 | D:5      | Mangled by an orc warrior

Illustrated notes

Levels and vault maps discovered:
D:1:      eino_arrival_cavern_a, layout_basic, grunt_decor_arrowhead,
          chequers_serial_rivers_room_a, minmay_misc_feat_x,
          lemuel_another_geyser
D:2:      layout_basic, uniq_jessica
D:3:      layout_basic, mainiacjoe_overflow_boulevard,
          hellmonk_ecumenical_altar_inner_sanctum, minmay_cut_off
D:4:      layout_cave_pods, abandoned_shop, minmay_manual_monstrance
D:5:      minmay_diamond_boxcup, layout_layer_cave,
          minmay_temple_entry_stoned_glass, serial_glass, glass_columns_a,
          glass_columns_a
Temple:   eino_narrow_crystal_temple

Skill      XL: |  1  2  3  4  5  6  7  8 |
---------------+-------------------------+-----
Long Blades    | 3 4 5 6 |  6.1
Fighting       | 4 5 |  5.5
Armour         | 4 5 |  5.6
Earth Magic    | 1 2 3 |  3.5
Spellcasting   | 1 2 |  2.8
Transmutations | 2 3 |  3.8
Shields        | |  3.6

Action                   |  1- 3 |  4- 6 |  7- 9 || total
-------------------------+-------+-------+-------++-------
Melee: Long sword        |    61 |   180 |   135 ||   376
Throw: Dart              |     7 |       |       ||     7
 Cast: Sandblast         |       |       |    27 ||    27
 Abil: Dig               |       |       |     1 ||     1
  Use: Scroll            |     3 |     1 |     1 ||     5
       Potion            |       |     1 |     1 ||     2
Armor: Scale mail        |    27 |    68 |    20 ||   115
       Acid dragon scale |       |       |    42 ||    42
Dodge: Dodged            |    30 |    76 |    91 ||   197
Block: Buckler           |    18 |    35 |    39 ||    92

Table legend: (Time is in decaauts)
 A = Elapsed time spent in this place.
 B = Non-inter-level travel time spent in this place.
 C = Inter-level travel time spent in this place.
 D = Time resting spent in this place.
 E = Time spent auto-exploring this place.
 F = Levels seen in this place.
 G = Mean time per level.
                   A        B        C        D        E       F      G
               +--------+--------+--------+--------+--------+-----+--------+
         Total |   7178 |   6951 |    227 |   1892 |   3421 |   6 | 1196.3 |
       Dungeon |   6992 |   6774 |    218 |   1892 |   3256 |   5 | 1398.4 |
        Temple |    185 |    176 |      9 |      0 |    165 |   1 |  185.0 |
               +--------+--------+--------+--------+--------+-----+--------+

Top non-repeatable levels by time:
     D:4: 2018 daAuts
     D:2: 1532 daAuts
     D:5: 1239 daAuts
     D:3: 1195 daAuts
     D:1: 1006 daAuts
  Temple: 185 daAuts
